 Dungeon Crawl Stone Soup version 0.31-a0-196-g86fe4a5e66 (webtiles) character file.

Game seed: 9301475147539106153

162 Dylgear the Shield-Bearer (level 5, -3/42 HPs)
             Began as a Formicid Fighter on June 25, 2023.
             Slain by an orc
             ... wielding a +0 falchion
              (7 damage)
             ... on level 3 of the Dungeon.
             The game lasted 00:06:06 (2662 turns).

Dylgear the Shield-Bearer (Formicid Fighter)        Turns: 2662, Time: 00:06:07

Health: -3/42      AC:  9    Str: 21    XL:     5   Next: 71%
Magic:  5/5        EV:  9    Int:  7    God:
Gold:   197        SH:  5    Dex: 15    Spells: 4/4 levels left

rFire   . . .        a - +0 war axe
rCold   . . .        c - +0 buckler
rNeg    . . .        b - +0 scale mail
rPois   .            (helmet unavailable)
rElec   .            (no cloak)
rCorr   +            o - +1 pair of gloves
SInv    +            (no boots)
Will    .....        (no amulet) Stlth
                     h - ring of resist corrosion
HPRegen 0.27/turn    (no ring)
MPRegen 0.09/turn

%: no passive effects
@: no status effects
A: permanent stasis, dig shafts and tunnels, antennae 3, four strong arms
a: Dig, Shaft Self


You were on level 3 of the Dungeon.
You visited 1 branch of the dungeon, and saw 3 of its levels.

You collected 197 gold pieces.

Inventory:

Hand Weapons
 a - a +0 war axe (weapon)
 j - a +2 heavy hand axe
Armour
 b - a +0 scale mail (worn)
 c - a +0 buckler (worn)
 o - a +1 pair of gloves (worn)
Jewellery
 h - a ring of resist corrosion (left hand)
Scrolls
 g - a scroll of identify
 k - a scroll of fog {unknown}
 l - a scroll of revelation
Potions
 d - 2 potions of curing
 e - a potion of attraction
 f - a potion of lignification
 i - 3 potions of cancellation


   Skills:
 + Level 3.8 Fighting
 * Level 3.9 Axes
 * Level 4.3 Armour
 + Level 0.6 Dodging
 + Level 0.1 Stealth
 * Level 4.6 Shields


You had 4 spell levels left.
You didn't know any spells.
Your spell library contained the following spells:

 Spells                   Type           Power      Damage    Failure   Level
 Ensorcelled Hibernation  Hex/Ice        0%         N/A       92%         2
 Passwall                 Tmut/Erth      0%         N/A       92%         2
 Gell's Gravitas          Tloc           0%         N/A       99%         3
 Teleport Other           Tloc           0%         N/A       99%         3
 Dispersal                Tloc           0%         N/A       100%        6
 Swiftness                Air            Unusable   N/A       N/A         3

Dungeon Overview and Level Annotations

Branches:
Dungeon (3/15)

Altars:
Dithmenos
Fedhas
Hepliaklqana
Makhleb
Trog
Xom
Yredelemnul
Zin


Innate Abilities, Weirdness & Mutations

You cannot be hasted, slowed, berserked, paralysed or teleported.
You can dig through walls and to a lower floor.
You have a pair of large antennae on your head. (SInv)
Your four strong arms can wield two-handed weapons with a shield.


Message History

You slash the rat!
You kill the rat!
You hit the orc wizard but do no damage.
The orc wizard hits you but does no damage.
You slash the orc wizard!
The orc wizard is heavily wounded.
You block the orc wizard's attack.
You closely miss the orc wizard.
The orc wizard is heavily wounded.
The orc wizard hits you with a +0 dagger.
The orc wizard hits you but does no damage.
You hit the orc wizard but do no damage.
The orc wizard is heavily wounded.
You block the orc wizard's attack.
You closely miss the orc wizard.
The orc wizard is heavily wounded.
The orc wizard casts a spell.
The orc wizard flickers and vanishes for a moment.
You slash the orc wizard!
You kill the orc wizard!
You block the orc's attack. The orc hits you but does no damage.
You closely miss the orc.
The orc is lightly wounded.
The orc hits you but does no damage. The orc hits you with a +0 falchion.
You closely miss the orc.
The orc is lightly wounded.
You block the orc's attack. The orc hits you but does no damage. x2
You block the orc's attack.
You barely miss the orc.
The orc is lightly wounded.
The orc barely misses you. You block the orc's attack.
You barely miss the orc. The orc hits you with a +0 falchion.
The orc hits you from afar with a +0 trident!
* * * LOW HITPOINT WARNING * * *
You closely miss the orc. The orc barely misses you.
You block the orc's attack.
The orc hits you from afar with a +0 trident.
* * * LOW HITPOINT WARNING * * *
The orc hits you with a +0 falchion!
You die...

#############
#...........# #######
#.#########.# .......
#.#########.# .......
#.##.@oo..>.# .......
#.##.#####..###.......
#.##.#.......o........
#..[.#.##...#o........
######.##...#.........
#<†....##...#.......##
#########..(#.........
..........#########.
########..#


You could see 2 orcs.

Vanquished Creatures
  An orc priest (D:3)
  An orc wizard (D:3)
  2 adders (D:2)
  A worm (D:3)
  3 dart slugs
  4 orcs
  5 bats
  4 endoplasms
  6 giant cockroaches
  7 goblins
  8 hobgoblins
  3 jackals (D:1)
  6 quokkas
  A ball python (D:3)
  7 frilled lizards
  4 kobolds
  10 rats
73 creatures vanquished.

Notes
Turn   | Place    | Note
-------+----------+-------------------------------------------
     0 | D:1      | Dylgear the Formicid Fighter began the quest for the Orb.
     0 | D:1      | Reached XP level 1. HP: 18/18 MP: 1/1
    60 | D:1      | Reached XP level 2. HP: 24/24 MP: 2/2
   218 | D:1      | Reached XP level 3. HP: 29/29 MP: 3/3
   625 | D:1      | Reached XP level 4. HP: 35/37 MP: 4/4
  1146 | D:2      | Found a faded altar of an unknown god.
  1567 | D:2      | Identified the +0 ring mail "Kouggoon" {rPois}
  2217 | D:3      | Reached XP level 5. HP: 8/42 MP: 5/5
  2474 | D:3      | Found a bloodstained altar of Trog.
  2474 | D:3      | Found a burning altar of Makhleb.
  2474 | D:3      | Found a basalt altar of Yredelemnul.
  2475 | D:3      | Found a glowing silver altar of Zin.
  2476 | D:3      | Found a blossoming altar of Fedhas.
  2476 | D:3      | Found a shimmering altar of Xom.
  2476 | D:3      | Found a shadowy altar of Dithmenos.
  2477 | D:3      | Found a hazy altar of Hepliaklqana.
  2662 | D:3      | Slain by an orc

Illustrated notes

Levels and vault maps discovered:
D:1:      erik_arrival_cave_to_civilisation [erik_arrival_cave_to_hall],
          layout_basic
D:2:      layout_loops_cross, dreamdust_ecumenical_altar_statues
D:3:      layout_basic, grunt_temple_overflow_open

Skill      XL: |  1  2  3  4 |
---------------+-------------+-----
Axes           | 3 |  3.9
Armour         | 4 |  4.3
Fighting       | |  3.8
Dodging        | |  0.6
Stealth        | |  0.1
Shields        | |  4.6

Action                     |  1- 3 |  4- 6 || total
---------------------------+-------+-------++-------
  Melee: War axe           |    81 |    87 ||   168
    Use: Scroll            |       |    10 ||    10
         Potion            |       |     4 ||     4
   Stab: Invisible         |       |     1 ||     1
 Armour: Scale mail        |    49 |    46 ||    95
         Skin              |       |     6 ||     6
  Dodge: Dodged            |    32 |    50 ||    82
  Block: Buckler           |    25 |    33 ||    58

Table legend: (Time is in decaauts)
 A = Elapsed time spent in this place.
 B = Non-inter-level travel time spent in this place.
 C = Inter-level travel time spent in this place.
 D = Time resting spent in this place.
 E = Time spent auto-exploring this place.
 F = Levels seen in this place.
 G = Mean time per level.
                   A        B        C        D        E       F      G
               +--------+--------+--------+--------+--------+-----+--------+
         Total |   2727 |   2544 |    183 |    249 |   1729 |   3 |  909.0 |
       Dungeon |   2727 |   2544 |    183 |    249 |   1729 |   3 |  909.0 |
               +--------+--------+--------+--------+--------+-----+--------+

Top non-repeatable levels by time:
     D:1: 1206 daAuts
     D:2: 908 daAuts
     D:3: 612 daAuts
